TOP OF THE 1ST |
Houston Hammertime batting - Pitching for Texarkana Bears : RHP Enrique Valdés
|
Pitching: RHP Enrique Valdés
|
|
Batting: SHB Carlos Córdova
|
0-0: Swinging Strike 0-1: Ball 1-1: Swinging Strike 1-2: Ball 2-2: Foul Ball, location: 2F 2-2: Ground out 6-3 (Groundball, 6D)
|
Batting: RHB Alonso Holguín
|
0-0: Ball 1-0: SINGLE (Line Drive, 34D)
|
Batting: LHB Tom Baker
|
0-0: SINGLE (Line Drive, 9LS) Alonso Holguín to second Runner from 2nd tries for 3rd, SAFE, throw made to third
|
Batting: LHB Leonardo Medina
|
0-0: Called Strike 0-1: Called Strike 0-2: Ball 1-2: Fly out, F7 (Flyball, 7LD) Runner from 3rd tags up, SCORES, no throw
|
Batting: RHB Dan Mason
|
0-0: Ball 1-0: Called Strike 1-1: Called Strike 1-2: Ball 2-2: Foul Ball, location: 2F 2-2: Fielders Choice at 2nd, 6-4 (Groundball, 6)
|
Top of the 1st over - 1 run(s), 2 hit(s), 0 error(s), 0 left on base; Houston 1 - Texarkana 0 |
BOTTOM OF THE 1ST |
Texarkana Bears batting - Pitching for Houston Hammertime : RHP Kevin Bader
|
Pitching: RHP Kevin Bader
|
|
Batting: LHB Sam Barnes
|
0-0: Called Strike 0-1: Ball 1-1: Ball 2-1: Foul Ball, location: 2F 2-2: Ball 3-2: Foul Ball, location: 2F 3-2: Foul Ball, location: 2F 3-2: SOLO HOME RUN (Flyball, 9D), Distance : 387 ft
|
Batting: RHB Taki Chikafuji
|
0-0: Ball 1-0: Ball 2-0: DOUBLE (Line Drive, 8RXD)
|
Batting: RHB Keith Ford
|
0-0: Foul Ball, location: 2F 0-1: Fly out, F9 (Flyball, 9LMF)
|
Batting: RHB Gustavo Díaz
|
0-0: Ball 1-0: Swinging Strike 1-1: Called Strike 1-2: Foul Ball, location: 2F 1-2: Strikes out swinging
|
Batting: RHB Billy Campbell
|
0-0: Ground out 2-3 (Groundball, 2L)
|
Bottom of the 1st over - 1 run(s), 2 hit(s), 0 error(s), 1 left on base; Houston 1 - Texarkana 1 |
TOP OF THE 2ND |
Houston Hammertime batting - Pitching for Texarkana Bears : RHP Enrique Valdés
|
Batting: RHB Santo Cruz
|
0-0: Foul Ball, location: 2F 0-1: Ball 1-1: SINGLE (Line Drive, 56D)
|
Batting: RHB Carlos Pérez
|
0-0: Ball 1-0: Ball 2-0: Ball 3-0: Base on Balls Santo Cruz to second
|
Batting: RHB Ánibal Pérez
|
0-0: Ball 1-0: Ball 2-0: Grounds into double play, 5-4-3 (Groundball, 56) Santo Cruz to third
|
Batting: LHB Fernando Camacho
|
0-0: Swinging Strike 0-1: Swinging Strike 0-2: Strikes out looking
|
Top of the 2nd over - 0 run(s), 1 hit(s), 0 error(s), 1 left on base; Houston 1 - Texarkana 1 |
BOTTOM OF THE 2ND |
Texarkana Bears batting - Pitching for Houston Hammertime : RHP Kevin Bader
|
Batting: LHB Tom Mullins
|
0-0: Ground out 4-3 (Groundball, 4)
|
Batting: RHB Alberto Velásquez
|
0-0: Called Strike 0-1: Bunt missed! 0-2: Strikes out swinging
|
Batting: LHB Mark Thomas
|
0-0: Ball 1-0: Called Strike 1-1: Fly out, F7 (Flyball, 7LM)
|
Bottom of the 2nd over - 0 run(s), 0 hit(s), 0 error(s), 0 left on base; Houston 1 - Texarkana 1 |
TOP OF THE 3RD |
Houston Hammertime batting - Pitching for Texarkana Bears : RHP Enrique Valdés
|
Batting: SHB Carlos Córdova
|
0-0: Called Strike 0-1: Ball 1-1: Swinging Strike 1-2: Strikes out swinging
|
Batting: RHB Alonso Holguín
|
0-0: Called Strike 0-1: Ball 1-1: Foul Ball, location: 2F 1-2: Foul Ball, location: 2F 1-2: Foul Ball, location: 2F 1-2: Strikes out looking
|
Batting: LHB Tom Baker
|
0-0: Ball 1-0: Fly out, F7 (Line Drive, 78M)
|
Top of the 3rd over - 0 run(s), 0 hit(s), 0 error(s), 0 left on base; Houston 1 - Texarkana 1 |
BOTTOM OF THE 3RD |
Texarkana Bears batting - Pitching for Houston Hammertime : RHP Kevin Bader
|
Batting: RHB Steve Garneys
|
0-0: Ball 1-0: DOUBLE (Line Drive, 9D)
|
Batting: LHB Sam Barnes
|
0-0: Ball 1-0: Ball 2-0: Foul Ball, location: 2F 2-1: Swinging Strike 2-2: Strikes out swinging
|
Batting: RHB Taki Chikafuji
|
0-0: 2-RUN HOME RUN (Flyball, 89XD), Distance : 407 ft
|
Batting: RHB Keith Ford
|
0-0: Called Strike 0-1: Swinging Strike 0-2: Ball 1-2: Ball 2-2: Ball 3-2: Strikes out swinging
|
Batting: RHB Gustavo Díaz
|
0-0: Ball 1-0: Foul Ball, location: 2F 1-1: Called Strike 1-2: Ball 2-2: Fly out, F8 (Flyball, 8RM)
|
Bottom of the 3rd over - 2 run(s), 2 hit(s), 0 error(s), 0 left on base; Houston 1 - Texarkana 3 |
TOP OF THE 4TH |
Houston Hammertime batting - Pitching for Texarkana Bears : RHP Enrique Valdés
|
Batting: LHB Leonardo Medina
|
0-0: Foul Ball, location: 2F 0-1: Foul Ball, location: 2F 0-2: Ball 1-2: Ball 2-2: Ball 3-2: Foul Ball, location: 2F 3-2: Base on Balls
|
Batting: RHB Dan Mason
|
0-0: Foul Ball, location: 2F 0-1: Ball 1-1: Foul Ball, location: 2F 1-2: Ball 2-2: Ball 3-2: Foul Ball, location: 2F 3-2: Base on Balls Leonardo Medina to second
|
Batting: RHB Santo Cruz
|
0-0: Ball 1-0: SINGLE (Line Drive, 7S) Leonardo Medina to third Dan Mason to second Runner from 3rd tries for Home, SAFE, throw made home Dan Mason to third Santo Cruz to second
|
Batting: RHB Carlos Pérez
|
0-0: Called Strike 0-1: Ball 1-1: Swinging Strike 1-2: Foul Ball, location: 2F 1-2: Ball 2-2: Ball 3-2: Fly out, F8 (Flyball, 8LM) Runner from 3rd tags up, SCORES, no throw
|
Batting: RHB Ánibal Pérez
|
0-0: Called Strike 0-1: Swinging Strike 0-2: Ball 1-2: Strikes out looking
|
Batting: LHB Fernando Camacho
|
0-0: Foul Ball, location: 2F 0-1: Ball Balk! Santo Cruz to third 1-1: SINGLE (Groundball, 4MD) Santo Cruz scores
|
Batting: SHB Carlos Córdova
|
0-0: Ball 1-0: Called Strike 1-1: Swinging Strike 1-2: Strikes out swinging
|
Top of the 4th over - 3 run(s), 2 hit(s), 0 error(s), 1 left on base; Houston 4 - Texarkana 3 |
BOTTOM OF THE 4TH |
Texarkana Bears batting - Pitching for Houston Hammertime : RHP Kevin Bader
|
Batting: RHB Billy Campbell
|
0-0: Ball 1-0: Called Strike 1-1: Called Strike 1-2: Foul Ball, location: 2F 1-2: Ball 2-2: Ground out 6-3 (Groundball, 6)
|
Batting: LHB Tom Mullins
|
0-0: Foul Ball, location: 2F 0-1: SINGLE (Line Drive, 78S)
|
Batting: RHB Alberto Velásquez
|
0-0: Foul Ball, location: 2F 0-1: Called Strike 0-2: Ball 1-2: Fly out, F4 (Popup, 34)
|
Batting: LHB Mark Thomas
|
0-0: Ball 1-0: Fly out, F8 (Flyball, 8LS)
|
Bottom of the 4th over - 0 run(s), 1 hit(s), 0 error(s), 1 left on base; Houston 4 - Texarkana 3 |
TOP OF THE 5TH |
Houston Hammertime batting - Pitching for Texarkana Bears : RHP Enrique Valdés
|
Batting: RHB Alonso Holguín
|
0-0: Called Strike 0-1: SINGLE (Line Drive, 89S)
|
Batting: LHB Tom Baker
|
0-0: Ball 1-0: Swinging Strike 1-1: Ball 2-1: Called Strike 2-2: Ball 3-2: Base on Balls Alonso Holguín to second
|
Batting: LHB Leonardo Medina
|
0-0: Swinging Strike 0-1: Ball 1-1: Foul Ball, location: 2F 1-2: Ball 2-2: Ball 3-2: Foul Ball, location: 2F 3-2: SINGLE (Groundball, 56D) Alonso Holguín to third Tom Baker to second Runner from 3rd tries for Home, SAFE, no throw
|
Batting: RHB Dan Mason
|
0-0: Foul Ball, location: 2F 0-1: Ball 1-1: Foul Ball, location: 2F 1-2: Ball 2-2: Foul Ball, location: 2F 2-2: Ball 3-2: SINGLE (Groundball, 5D) Tom Baker to third Leonardo Medina to second Runner from 3rd tries for Home, SAFE, throw made home Leonardo Medina to third Dan Mason to second
|
Pitching: RHP Ángelo Gusmán
|
|
Batting: RHB Santo Cruz
|
0-0: Foul Ball, location: 2F 0-1: Ground out 4-3 (Groundball, 4) Leonardo Medina scores Dan Mason to third
|
Batting: RHB Carlos Pérez
|
0-0: Ball 1-0: Foul Ball, location: 2F 1-1: Ball 2-1: Called Strike 2-2: Foul Ball, location: 2F 2-2: Strikes out swinging
|
Batting: RHB Ánibal Pérez
|
0-0: Called Strike 0-1: SINGLE (Groundball, 4MD) Dan Mason scores
|
Batting: LHB Fernando Camacho
|
0-0: Called Strike 0-1: Ball 1-1: Fielders Choice at 2nd, 4-6 (Groundball, 4)
|
Top of the 5th over - 4 run(s), 4 hit(s), 0 error(s), 0 left on base; Houston 8 - Texarkana 3 |
BOTTOM OF THE 5TH |
Texarkana Bears batting - Pitching for Houston Hammertime : RHP Kevin Bader
|
Batting: RHB Steve Garneys
|
0-0: Foul Ball, location: 2F 0-1: Ground out 6-3 (Groundball, 6MS)
|
Batting: LHB Sam Barnes
|
0-0: Swinging Strike 0-1: Foul Ball, location: 2F 0-2: Strikes out swinging
|
Batting: RHB Taki Chikafuji
|
0-0: Swinging Strike 0-1: Swinging Strike 0-2: Ball 1-2: Foul Ball, location: 2F 1-2: Foul Ball, location: 2F 1-2: Strikes out swinging
|
Bottom of the 5th over - 0 run(s), 0 hit(s), 0 error(s), 0 left on base; Houston 8 - Texarkana 3 |
TOP OF THE 6TH |
Houston Hammertime batting - Pitching for Texarkana Bears : RHP Ángelo Gusmán
|
Batting: SHB Carlos Córdova
|
0-0: Ball 1-0: Ball 2-0: Called Strike 2-1: Ball 3-1: Base on Balls
|
Batting: RHB Alonso Holguín
|
0-0: Foul Ball, location: 2F 0-1: Called Strike 0-2: Ball Carlos Córdova steals 2nd base 1-2: Ground out 1-3 (Groundball, 13S) Carlos Córdova to third
|
Batting: LHB Tom Baker
|
0-0: Swinging Strike 0-1: Called Strike 0-2: Foul Ball, location: 2F 0-2: Foul Ball, location: 2F 0-2: Ball 1-2: Strikes out swinging
|
Batting: LHB Leonardo Medina
|
0-0: Called Strike 0-1: Ball 1-1: Foul Ball, location: 2F 1-2: Strikes out looking
|
Top of the 6th over - 0 run(s), 0 hit(s), 0 error(s), 1 left on base; Houston 8 - Texarkana 3 |
BOTTOM OF THE 6TH |
Texarkana Bears batting - Pitching for Houston Hammertime : RHP Kevin Bader
|
Batting: RHB Keith Ford
|
0-0: Ball 1-0: Foul Ball, location: 2F 1-1: Ball 2-1: Foul Ball, location: 2F 2-2: Foul Ball, location: 2F 2-2: SOLO HOME RUN (Flyball, 7LD), Distance : 370 ft
|
Batting: RHB Gustavo Díaz
|
0-0: Ball 1-0: SINGLE (Groundball, 34D)
|
Batting: RHB Billy Campbell
|
0-0: Ball 1-0: Fly out, F6 (Popup, 6D)
|
Batting: LHB Tom Mullins
|
0-0: Ball 1-0: Swinging Strike 1-1: Foul Ball, location: 2F 1-2: Fly out, F8 (Flyball, 8LM)
|
Batting: RHB Alberto Velásquez
|
0-0: Called Strike 0-1: Foul Ball, location: 2F 0-2: Foul Ball, location: 2F 0-2: Ball 1-2: Strikes out swinging
|
Bottom of the 6th over - 1 run(s), 2 hit(s), 0 error(s), 1 left on base; Houston 8 - Texarkana 4 |
TOP OF THE 7TH |
Houston Hammertime batting - Pitching for Texarkana Bears : RHP Ángelo Gusmán
|
Batting: RHB Dan Mason
|
0-0: Called Strike 0-1: Ball 1-1: Called Strike 1-2: Ground out 4-3 (Groundball, 4)
|
Batting: RHB Santo Cruz
|
0-0: Ball 1-0: Ball 2-0: Ground out U3 (Groundball, 34)
|
Batting: RHB Carlos Pérez
|
0-0: Ball 1-0: Ball 2-0: Foul Ball, location: 2F 2-1: Fly out, F3 (Popup, 3L)
|
Top of the 7th over - 0 run(s), 0 hit(s), 0 error(s), 0 left on base; Houston 8 - Texarkana 4 |
BOTTOM OF THE 7TH |
Texarkana Bears batting - Pitching for Houston Hammertime : RHP Kevin Bader
|
Batting: LHB Mark Thomas
|
0-0: Ball 1-0: Ball 2-0: Ball 3-0: Called Strike 3-1: Called Strike 3-2: Foul Ball, location: 2F 3-2: Foul Ball, location: 2F 3-2: Fly out, F7 (Flyball, 78M)
|
Batting: RHB Steve Garneys
|
0-0: Called Strike 0-1: Ball 1-1: Ball 2-1: Foul Ball, location: 2F 2-2: Ground out 6-3 (Groundball, 6)
|
Batting: LHB Sam Barnes
|
0-0: Called Strike 0-1: Ground out U3 (Groundball, 3L)
|
Bottom of the 7th over - 0 run(s), 0 hit(s), 0 error(s), 0 left on base; Houston 8 - Texarkana 4 |
TOP OF THE 8TH |
Houston Hammertime batting - Pitching for Texarkana Bears : RHP Ángelo Gusmán
|
Pitching: RHP Asher Zasko
|
|
Batting: RHB Ánibal Pérez
|
0-0: Ball 1-0: Foul Ball, location: 2F 1-1: Called Strike 1-2: Ball 2-2: SINGLE (Flyball, 89S)
|
Batting: LHB Fernando Camacho
|
0-0: Ball 1-0: Ball 2-0: Sac Bunt - play at first, batter OUT! 5-4 Ánibal Pérez to second
|
Batting: SHB Carlos Córdova
|
0-0: Foul Ball, location: 2F 0-1: Ball 1-1: Ball 2-1: Swinging Strike 2-2: Ball 3-2: Base on Balls
|
Batting: RHB Alonso Holguín
|
0-0: Ball Wild Pitch! Ánibal Pérez to third Carlos Córdova to second 1-0: Foul Ball, location: 2F 1-1: Ball 2-1: Ball 3-1: Called Strike 3-2: Fly out, F9 (Line Drive, 89M) Runner from 3rd tags up, SCORES, throw made
|
Batting: LHB Tom Baker
|
0-0: Called Strike 0-1: Ground out 4-3 (Groundball, 4)
|
Top of the 8th over - 1 run(s), 1 hit(s), 0 error(s), 1 left on base; Houston 9 - Texarkana 4 |
BOTTOM OF THE 8TH |
Texarkana Bears batting - Pitching for Houston Hammertime : RHP Kevin Bader
|
Pitching: RHP José Ortíz
|
|
Batting: RHB Taki Chikafuji
|
0-0: Foul Ball, location: 2F 0-1: Foul Ball, location: 2F 0-2: Foul Ball, location: 2F 0-2: Strikes out swinging
|
Batting: RHB Keith Ford
|
0-0: Ball 1-0: Foul Ball, location: 2F 1-1: Ball 2-1: Foul Ball, location: 2F 2-2: Ball 3-2: Ground out 5-3 (Groundball, 56)
|
Batting: RHB Gustavo Díaz
|
0-0: Called Strike 0-1: Ball 1-1: Foul Ball, location: 2F 1-2: Ball 2-2: DOUBLE (Line Drive, 89XD) - OUT at third base trying to stretch hit.
|
Bottom of the 8th over - 0 run(s), 1 hit(s), 0 error(s), 0 left on base; Houston 9 - Texarkana 4 |
TOP OF THE 9TH |
Houston Hammertime batting - Pitching for Texarkana Bears : RHP Asher Zasko
|
Batting: LHB Leonardo Medina
|
0-0: Foul Ball, location: 2F 0-1: Foul Ball, location: 2F 0-2: Ball 1-2: Foul Ball, location: 2F 1-2: Ground out 6-3 (Groundball, 6)
|
Batting: RHB Dan Mason
|
0-0: Ball 1-0: Fly out, F9 (Line Drive, 9D)
|
Batting: RHB Santo Cruz
|
0-0: Ball 1-0: Ball 2-0: Called Strike 2-1: Called Strike 2-2: Ground out 6-3 (Groundball, 56)
|
Top of the 9th over - 0 run(s), 0 hit(s), 0 error(s), 0 left on base; Houston 9 - Texarkana 4 |
BOTTOM OF THE 9TH |
Texarkana Bears batting - Pitching for Houston Hammertime : RHP José Ortíz
|
Pitching: RHP Brandon Williams
|
|
Now at 3B: Richard Bowman
|
|
Batting: RHB Billy Campbell
|
0-0: Ball 1-0: Fly out, F7 (Flyball, 7S)
|
Batting: LHB Tom Mullins
|
0-0: Called Strike 0-1: Ball 1-1: Ground out 5-3 (Groundball, 56)
|
Batting: RHB Alberto Velásquez
|
0-0: Called Strike 0-1: SINGLE (Line Drive, 5D)
|
Batting: LHB Mark Thomas
|
0-0: Foul Ball, location: 2F 0-1: Foul Ball, location: 2F 0-2: Strikes out swinging
|
Bottom of the 9th over - 0 run(s), 1 hit(s), 0 error(s), 1 left on base; Houston 9 - Texarkana 4 |
|